 Dungeon Crawl Stone Soup version 0.29-a0-341-g24ffce5b50 (webtiles) character file.

Game seed: 6982158324435644702

49 zeratav the Skirmisher (level 3, -2/20 HPs)
             Began as a Vine Stalker Fighter on Apr 20, 2022.
             Slain by a hobgoblin (3 damage)
             ... led by Robin
             ... on level 2 of the Dungeon.
             The game lasted 00:02:47 (1931 turns).

zeratav the Skirmisher (Vine Stalker Fighter)       Turns: 1931, Time: 00:02:47

Health: -2/20      AC:  6    Str: 18    XL:     3   Next: 77%
Magic:  0/4        EV:  9    Int:  8    God:
Gold:   32         SH:  5    Dex: 15    Spells: 2/2 levels left

rFire   . . .      SeeInvis .   a - +0 rapier {short}
rCold   . . .      Faith    .   c - +0 buckler
rNeg    . . .      Spirit   +   b - +0 scale mail
rPois   .          Reflect  .   (no helmet)
rElec   .          Harm     .   (no cloak)
rCorr   .          Rampage  .   (no gloves)
Will    .....                   (no boots)
Stlth   ..........              (no amulet)
HPRegen 0.06/turn               (no ring)
MPRegen 0.09/turn               (no ring)

@: no status effects
A: fangs 2, magic shield, antimagic bite, no potion heal 2
a: no special abilities


You were on level 2 of the Dungeon.
You visited 1 branch of the dungeon, and saw 2 of its levels.

You collected 32 gold pieces.


Innate Abilities, Weirdness & Mutations

You have extremely sharp teeth.
When hurt, damage is shared between your health and your magic reserves.
Your bite disrupts and absorbs the magic of your enemies.
Potions cannot restore your health.


   Skills:
 + Level 3.0 Fighting
 * Level 2.6 Short Blades
 + Level 2.7 Armour
 + Level 3.0 Shields


You had 2 spell levels left.
You didn't know any spells.
Your spell library contained the following spells:

 Spells                   Type           Power      Damage    Failure   Level
 Dazzling Flash           Conj/Hex       0%         N/A       99%         3
 Agony                    Necr           0%         N/A       100%        5
 Silence                  Hex/Air        0%         N/A       100%        5

Inventory:

Hand Weapons
 a - a +0 rapier (weapon) {short}
Armour
 b - a +0 scale mail (worn)
 c - a +0 buckler (worn)
 g - a +0 helmet
   (You found it on level 2 of the Dungeon)
Jewellery
 m - an amulet of reflection
   (You found it on level 2 of the Dungeon)
Scrolls
 f - a scroll of blinking {unknown}
 h - 2 scrolls of holy word {unknown}
 j - a scroll of magic mapping {unknown}
Potions
 d - a potion of might
 e - a potion of degeneration {unknown}
 i - 3 potions of brilliance {unknown}
 k - 2 potions of curing {unknown}
 l - a potion of mutation {unknown}

Dungeon Overview and Level Annotations

Branches:
Dungeon (2/15)

Altars:

Annotations:
D:2 Robin

......# #.# #.#
......# #S# #.#
......# #g# #.#
......#
######'######## #.#
......#
#.....g.......#####.#
#######
#.............'.....#
####
#......g......#######
...# #.....g.......#
...# #......@......#
...# ###############
#### #


You could see 3 hobgoblins, a goblin and a ball python.


Message History

No target in view!
No target in view!
No target in view!
No target in view!
You now have 32 gold pieces (gained 8).
k - 2 coppery potions (gained 1)
You open the door.
There is an open door here.
You open the door.
A hobgoblin and 5 goblins come into view.
A goblin is wielding a +2 antimagic dagger.
The goblin shouts! x3; The hobgoblin shouts!
The goblin shouts!
You hear a shout! x3
Robin of the Strong Arm comes into view.
They are wielding a +0 club.
A hobgoblin comes into view.
The goblin moves out of view.
You hear a shout! 2 hobgoblins and 3 goblins come into view.
Robin shouts!
The goblin shouts! x3
A ball python comes into view.
The goblin hits you but does no damage. Robin throws the goblin at you!
The hobgoblin moves out of view.
There is an open door here.
The ball python hisses angrily.
You puncture the goblin!
You kill the goblin!
You block the goblin's attack. The goblin barely misses you. x2
Robin roars a battlecry!
The goblins go into a battle-frenzy!
You hit the goblin. You bite the goblin.
You kill the goblin!
You block the goblin's attack. x2; The goblin hits you but does no damage.
You hit the goblin.
You kill the goblin!
The goblin hits you but does no damage. The goblin barely misses you.
The goblin hits you with a +0 club.
HP[-3]
You take 3 damage, and now have 17/20 hp.
You closely miss the hobgoblin. Your bite misses the hobgoblin.
The hobgoblin hits you. The goblin hits you with a +0 club. x2
You block the goblin's attack.
HP[-5] MP[-2]
You take 5 damage, and now have 12/20 hp.
MASSIVE DAMAGE!! (PAUSE)
You lost 2 mp, and now have 2/4 mp.
You are too injured to fight recklessly!
You are too injured to fight recklessly!
You are too injured to fight recklessly!
You are too injured to fight recklessly!
You are too injured to fight recklessly!
You are too injured to fight recklessly!
You barely miss the goblin. Your bite misses the goblin.
The hobgoblin barely misses you. The goblin hits you with a +0 club.
* * * LOW HITPOINT WARNING * * *
The goblin barely misses you. x2; You block the goblin's attack.
The goblin hits you but does no damage. The goblin barely misses you.
The hobgoblin barely misses you.
HP[-4] MP[-1]
You take 4 damage, and now have 8/20 hp.
You lost 1 mp, and now have 1/4 mp.
You hit the goblin.
You kill the goblin!
The hobgoblin hits you.
* * * LOW HITPOINT WARNING * * *
You block the goblin's attack. x2
HP[-1]
You take 1 damage, and now have 7/20 hp.
The goblin attacks as you move away! The goblin closely misses you.
You see here a +0 club {mace}.
The hobgoblin attacks as you move away! The hobgoblin barely misses you.
Robin throws the goblin at you!
You closely miss the goblin. You bite the goblin. You drain its power.
You feel invigorated. The hobgoblin hits you.
* * * LOW HITPOINT WARNING * * *
The goblin hits you with a +0 club.
* * * LOW HITPOINT WARNING * * *
You closely miss the goblin.
The goblin no longer looks unusually strong.
The hobgoblin no longer looks unusually strong.
The goblin hits you with a +0 club.
* * * LOW HITPOINT WARNING * * *
The hobgoblin closely misses you.
You hit the goblin.
You kill the goblin!
The hobgoblin no longer looks unusually strong. x3
You block the hobgoblin's attack. The hobgoblin attacks as you move away!
You block the hobgoblin's attack.
You see here a +0 club {mace}.
The hobgoblin attacks as you move away! The hobgoblin closely misses you.
The hobgoblin attacks as you move away! The hobgoblin closely misses you.
The hobgoblin attacks as you move away! The hobgoblin closely misses you.
The goblin no longer looks unusually strong.
There is an open door here.
HP[-6]
You take 6 damage, and now have 1/20 hp.
MASSIVE DAMAGE!! (PAUSE)
The hobgoblin attacks as you move away!
The hobgoblin hits you but does no damage.
The hobgoblin hits you.
You die...

Skill      XL: |  1  2  3 |
---------------+----------+-----
Short Blades   | 2 |  2.6
Fighting       | 3 |  3.0
Shields        | 3 |  3.0
Armour         | |  2.7

Action                   || total
-------------------------++-------
Melee: Rapier            ||    94
       Bite              ||    19
 Stab: Sleeping          ||     2
Armor: Scale mail        ||    16
       Leather armour    ||     4
Dodge: Dodged            ||    53
Block: Buckler           ||    24

Levels and vault maps discovered:
D:1:      moated_graveyard_arrival, layout_basic,
          chequers_ecumenical_altar_grove, corexii_hall_statues_l, minivault_24
D:2:      layout_basic, serial_bayou_lagoon_a, uniq_robin

Notes
Turn   | Place    | Note
-------+----------+-------------------------------------------
     0 | D:1      | zeratav the Vine Stalker Fighter began the quest for the
                  | Orb.
     0 | D:1      | Reached XP level 1. HP: 11/11 MP: 2/2
     0 | D:1      | magus.rc [v1.9.6]
   142 | D:1      | Reached skill level 2 in Short Blades
   171 | D:1      | Reached XP level 2. HP: 16/16 MP: 3/3
   826 | D:1      | You pick up a book of the Senses and begin reading...
   826 | D:1      | You add the spells Dazzling Flash, Agony and Silence to
                  | your library.
   958 | D:1      | Found a faded altar of an unknown god.
  1024 | D:1      | Reached XP level 3. HP: 16/19 MP: 4/4
  1200 | D:2      | HP: 1/19 [worm (5)]
  1203 | D:2      | Reached skill level 3 in Fighting
  1559 | D:2      | Reached skill level 3 in Shields
  1906 | D:2      | Noticed Robin
  1918 | D:2      | HP: 3/20 [hobgoblin[Robin] (4)]
  1919 | D:2      | HP: 1/20 [goblin/+0 club[Robin] (2)]
  1931 | D:2      | Slain by a hobgoblin

Vanquished Creatures
  A worm (D:2)
  2 dart slugs (D:2)
  2 ball pythons (D:1)
  4 endoplasms
  A giant cockroach (D:1)
  7 goblins
  5 hobgoblins
  A kobold (D:1)
  3 quokkas
  5 bats
  4 frilled lizards
  5 rats
40 creatures vanquished.

Table legend:
 A = Non-vault XP
 B = Vault XP
 C = Vault XP percentage of total XP
 D = Non-vault monster count
 E = Vault monster count
 F = Vault count percentage of total count
                 A         B        C        D         E       F
            +---------+---------+-------+---------+---------+-------
      Total |      64 |       7 |   9.9 |      35 |       5 |  12.5
            +---------+---------+-------+---------+---------+-------
        D:1 |      34 |       0 |   0.0 |      22 |       0 |   0.0
        D:2 |      30 |       7 |  18.9 |      13 |       5 |  27.8
            +---------+---------+-------+---------+---------+-------

Illustrated notes

Table legend:
 A = Kills in this place as a percentage of kills in entire the game.
 B = Kills by you in this place as a percentage of kills by you in the entire game.
 C = Kills by friends in this place as a percentage of kills by friends in the entire game.
 D = Other kills in this place as a percentage of other kills in the entire game.
 E = Experience gained in this place as a percentage of experience gained in the entire game.
 F = Experience gained in this place divided by the number of levels of this place that you have seen.
                   A       B       C       D       E      F
               +-------+-------+-------+-------+-------+----------------------
         Total | 100.0 | 100.0 |   N/A |   N/A | 100.0 |  35.5
       Dungeon | 100.0 | 100.0 |   N/A |   N/A | 100.0 |  35.5
               +-------+-------+-------+-------+-------+----------------------

Table legend: (Time is in decaauts)
 A = Elapsed time spent in this place.
 B = Non-inter-level travel time spent in this place.
 C = Inter-level travel time spent in this place.
 D = Time resting spent in this place.
 E = Time spent auto-exploring this place.
 F = Levels seen in this place.
 G = Mean time per level.
                   A        B        C        D        E       F      G
               +--------+--------+--------+--------+--------+-----+--------+
         Total |   1943 |   1927 |     16 |    298 |   1343 |   2 |  971.5 |
       Dungeon |   1943 |   1927 |     16 |    298 |   1343 |   2 |  971.5 |
               +--------+--------+--------+--------+--------+-----+--------+

Top non-repeatable levels by time:
     D:1: 1105 daAuts
     D:2: 838 daAuts
